 Dungeon Crawl Stone Soup version 0.29.0-11-gd7f09526c8 (webtiles) character file.

Game seed: 7937984255643377334

107 doricub5 the Skirmisher (level 4, 0/38 HPs)
             Began as a Gnoll Hunter on Sept 3, 2022.
             Slain by an adder (2 damage)
             ... on level 3 of the Dungeon.
             The game lasted 00:04:24 (1837 turns).

doricub5 the Skirmisher (Gnoll Hunter)              Turns: 1837, Time: 00:04:25

Health: 0/38       AC:  3    Str: 10    XL:     4   Next: 85%
Magic:  5/5        EV: 13    Int:  9    God:
Gold:   160        SH:  0    Dex: 17    Spells: 5/5 levels left

rFire   . . .      SeeInvis .   a - +0 shortbow
rCold   . . .      Faith    .   (shield currently unavailable)
rNeg    . . .      Spirit   .   c - +0 leather armour
rPois   .          Reflect  .   (no helmet)
rElec   .          Harm     .   (no cloak)
rCorr   .          Rampage  .   (no gloves)
Will    .....                   (no boots)
Stlth   ++........              (no amulet)
HPRegen 0.12/turn               m - ring of wizardry
MPRegen 0.09/turn               (no ring)

@: lethally poisoned (0 -> -9)
A: fangs 1, strong nose, distributed training
a: no special abilities


You were on level 3 of the Dungeon.
You visited 1 branch of the dungeon, and saw 3 of its levels.

You collected 160 gold pieces.

Inventory:

Hand Weapons
 a - a +0 shortbow (weapon)
Armour
 c - a +0 leather armour (worn)
Jewellery
 m - a ring of wizardry (left hand)
Scrolls
 b - a scroll of immolation
 f - 7 scrolls of identify
 h - 2 scrolls of teleportation {unknown}
 j - a scroll of poison {unknown}
 l - a scroll of amnesia {unknown}
 o - 3 scrolls of fog
Potions
 d - a potion of mutation {unknown}
 e - a potion of brilliance {unknown}
 g - a potion of attraction {unknown}
 i - a potion of haste {unknown}
 n - a potion of cancellation {unknown}


   Skills:
 + Level 4.7 Fighting
 + Level 1.3 Short Blades
 + Level 1.3 Long Blades
 + Level 1.3 Axes
 + Level 1.3 Maces & Flails
 + Level 1.3 Polearms
 + Level 1.3 Staves
 + Level 8.6 Ranged Weapons
 + Level 1.3 Throwing
 + Level 1.3 Armour
 + Level 4.7 Dodging
 + Level 2.6 Stealth
 + Level 1.3 Shields
 + Level 1.3 Unarmed Combat
 + Level 1.3 Spellcasting
 + Level 1.0 Conjurations
 + Level 1.0 Hexes
 + Level 1.0 Summonings
 + Level 1.0 Necromancy
 + Level 1.0 Translocations
 + Level 1.0 Transmutations
 + Level 1.0 Fire Magic
 + Level 1.0 Ice Magic
 + Level 1.0 Air Magic
 + Level 1.0 Earth Magic
 + Level 1.0 Poison Magic
 + Level 1.4 Invocations
 + Level 1.3 Evocations


You had 5 spell levels left.
You didn't know any spells.
Your spell library contained the following spells:

 Spells                   Type           Power      Damage    Failure   Level
 Beastly Appendage        Tmut           4%         N/A       12%         1
 Sublimation of Blood     Necr           2%         N/A       19%         2
 Wereblood                Tmut           2%         N/A       19%         2
 Ozocubu's Armour         Ice            2%         N/A       34%         3
 Spider Form              Tmut/Pois      2%         N/A       34%         3
 Ozocubu's Refrigeration  Ice            1%         4d7       100%        7
 Summon Hydra             Summ           1%         N/A       100%        7


Dungeon Overview and Level Annotations

Branches:
Dungeon (3/15)

Altars:
Uskayaw


Innate Abilities, Weirdness & Mutations

You have very sharp teeth.
Your uncanny sense of smell can sniff out nearby items.
Your experience applies equally to all skills.


Message History

The adder attacks as you move away! The adder closely misses you.
The adder bites you.
You are poisoned.
The adder poisons you!
You feel sick.
You feel sick.
You hear the slow rusting of a drain nearby.
You feel sick. The adder attacks as you move away!
The adder closely misses you.
You feel sick. The adder barely misses you.
You feel sick. The adder attacks as you move away! The adder bites you.
The adder attacks as you move away! The adder closely misses you.
You feel sick.
You are no longer poisoned.
The adder attacks as you move away! The adder bites you.
You are poisoned.
The adder poisons you!
You feel sick. The adder bites you.
You are more poisoned.
The adder poisons you!
You see here a rat corpse.
* * * LOW HITPOINT WARNING * * *
You feel very sick. The adder misses you. The adder attacks as you move away!
The adder misses you.
* * * LOW HITPOINT WARNING * * *
You feel sick.
It was a potion of magic.
Magic courses through your body.
* * * LOW HITPOINT WARNING * * *
You feel sick. The adder completely misses you. The adder bites you.
* * * LOW HITPOINT WARNING * * *
You are more poisoned.
The adder poisons you!
As you read the scroll labelled OMEYGE VEIMN, it crumbles to dust.
It is a scroll of identify.
o - 3 scrolls of fog
* * * LOW HITPOINT WARNING * * *
You feel very sick. The adder bites you.
You die...

#.#.# ## #.#.# ###.. ...# #...
#..####.#### #.# #..#.†.....#
#.# #..#.......# #.#
#####..#.†.....###### #.#
..........._.rSS@...# #.#
#####.##..††..h####.# #.#
#.##.......# #.# #.#
#.##†.....†# ##.## #<#
#####h#####.######...#######.#
.....r........ #............#
.r....######### ##...#########
.###### ##.## . ...#


You could see 2 adders, a jackal and a rat.

Vanquished Creatures
  Terence (D:2)
  4 adders (D:2)
  A worm (D:2)
  8 ball pythons
  2 endoplasms (D:1)
  2 giant cockroaches (D:2)
  4 goblins
  4 hobgoblins
  2 jackals (D:1)
  2 quokkas (D:2)
  2 bats (D:2)
  3 frilled lizards
  5 kobolds
  4 rats
44 creatures vanquished.

Notes
Turn   | Place    | Note
-------+----------+-------------------------------------------
     0 | D:1      | doricub5 the Gnoll Hunter began the quest for the Orb.
     0 | D:1      | Reached XP level 1. HP: 20/20 MP: 1/1
   277 | D:1      | Reached XP level 2. HP: 26/26 MP: 2/2
   281 | D:1      | Found a faded altar of an unknown god.
   873 | D:2      | Reached XP level 3. HP: 31/31 MP: 3/3
   909 | D:2      | Reached skill level 1 in Invocations
  1005 | D:2      | Noticed Terence
  1015 | D:2      | Killed Terence
  1016 | D:2      | Reached skill level 1 in Short Blades
  1016 | D:2      | Reached skill level 1 in Long Blades
  1016 | D:2      | Reached skill level 1 in Axes
  1016 | D:2      | Reached skill level 1 in Maces & Flails
  1016 | D:2      | Reached skill level 1 in Polearms
  1016 | D:2      | Reached skill level 1 in Staves
  1016 | D:2      | Reached skill level 1 in Throwing
  1016 | D:2      | Reached skill level 1 in Armour
  1016 | D:2      | Reached skill level 1 in Shields
  1016 | D:2      | Reached skill level 1 in Unarmed Combat
  1016 | D:2      | Reached skill level 1 in Spellcasting
  1016 | D:2      | Reached skill level 1 in Evocations
  1016 | D:2      | Reached XP level 4. HP: 23/38 MP: 5/5
  1139 | D:2      | Reached skill level 1 in Conjurations
  1139 | D:2      | Reached skill level 1 in Hexes
  1139 | D:2      | Reached skill level 1 in Summonings
  1139 | D:2      | Reached skill level 1 in Necromancy
  1139 | D:2      | Reached skill level 1 in Translocations
  1139 | D:2      | Reached skill level 1 in Transmutations
  1139 | D:2      | Reached skill level 1 in Fire Magic
  1139 | D:2      | Reached skill level 1 in Ice Magic
  1139 | D:2      | Reached skill level 1 in Air Magic
  1139 | D:2      | Reached skill level 1 in Earth Magic
  1139 | D:2      | Reached skill level 1 in Poison Magic
  1798 | D:3      | Found a hide-covered altar of Uskayaw.
  1837 | D:3      | Slain by an adder

Illustrated notes

Levels and vault maps discovered:
D:1:      dpeg_arrival_lava_temple_mockup, layout_basic,
          nicolae_ecumenical_snake_handling, minmay_hexomino_f4
D:2:      layout_loops_ring, st_stairs_4, minmay_misc_feat_pillars, uniq_terence
D:3:      layout_loops_ring, nicolae_uskayaw_murder_on_the_dancefloor,
          serial_shops, nicolae_shop_competitors_out_of_business,
          lightli_sewer_entry_pipes

Skill      XL: |  1  2  3  4 |
---------------+-------------+-----
Invocations    | 1 |  1.4
Short Blades   | 1 |  1.3
Long Blades    | 1 |  1.3
Axes           | 1 |  1.3
Maces & Flails | 1 |  1.3
Polearms       | 1 |  1.3
Staves         | 1 |  1.3
Throwing       | 1 |  1.3
Armour         | 1 |  1.3
Shields        | 1 |  1.3
Unarmed Combat | 1 |  1.3
Spellcasting   | 1 |  1.3
Evocations     | 1 |  1.3
Conjurations   | 1 |  1.0
Hexes          | 1 |  1.0
Summonings     | 1 |  1.0
Necromancy     | 1 |  1.0
Translocations | 1 |  1.0
Transmutations | 1 |  1.0
Fire Magic     | 1 |  1.0
Ice Magic      | 1 |  1.0
Air Magic      | 1 |  1.0
Earth Magic    | 1 |  1.0
Poison Magic   | 1 |  1.0
Fighting       | |  4.7
Ranged Weapons | |  8.6
Dodging        | |  4.7
Stealth        | |  2.6

Action                   |  1- 3 |  4- 6 || total
-------------------------+-------+-------++-------
 Fire: Shortbow          |    53 |    54 ||   107
  Use: Scroll            |       |     1 ||     1
       Potion            |       |     1 ||     1
Armor: Leather armour    |       |     2 ||     2
Dodge: Dodged            |    10 |    15 ||    25
